 Dungeon Crawl Stone Soup version 0.30-a0-972-gf3ab3527aa (webtiles) character file.

Game seed: 13169452849083412771

1290 voltaire321 the Digger (level 8, -5/48 HPs)
             Began as a Gargoyle Earth Elementalist on Mar 31, 2023.
             Was a Follower of Wu Jian.
             Slain by a troll (8 damage)
             ... on level 6 of the Dungeon.
             The game lasted 00:11:51 (4630 turns).

voltaire321 the Digger (GrEE)                       Turns: 4630, Time: 00:11:52

Health: -5/48      AC: 12    Str: 14    XL:     8   Next: 55%
Magic:  7/14       EV: 17    Int: 16    God:    Wu Jian [*.....]
Gold:   102        SH:  0    Dex: 10    Spells: 9/15 levels left

rFire   + . .      SeeInvis .    j - +2 falchion (heavy)
rCold   . . .      Faith    .    (no shield)
rNeg    + . .      Spirit   .    u - +0 robe {rF+}
rPois   ∞          Reflect  .    a - +0 hat
rElec   +          Rampage  .    l - +2 cloak
rCorr   .                        s - +0 pair of gloves {infuse}
Will    .....                    (no boots)
Stlth   ++                       (no amulet)
HPRegen 0.28/turn                m - +5 ring of evasion
MPRegen 0.14/turn                p - +4 ring of slaying

@: no status effects
A: sickness immunity, AC +5, negative energy resistance 1, electricity
resistance, torment resistance 1, petrification resistance
a: Renounce Religion


You were on level 6 of the Dungeon.
You worshipped Wu Jian.
Wu Jian was aware of your devotion.
You visited 1 branch of the dungeon, and saw 6 of its levels.

You collected 312 gold pieces.
You spent 210 gold pieces at shops.

Inventory:

Hand Weapons
 j - a +2 heavy falchion (weapon)
 n - a +3 dagger of draining
Armour
 a - a +0 hat (worn)
 l - a +2 cloak (worn)
 s - a +0 pair of gloves of infusion (worn)
 u - a +0 robe of fire resistance (worn)
Jewellery
 m - a +5 ring of evasion (left hand)
 p - a +4 ring of slaying (right hand)
Wands
 v - a wand of acid (1)
Scrolls
 c - 2 scrolls of blinking
 f - a scroll of vulnerability {unknown}
 g - 2 scrolls of teleportation
Potions
 b - a potion of magic
 d - a potion of flight
 e - a potion of brilliance {unknown}
 h - 2 potions of lignification {unknown}
 i - a potion of heal wounds {unknown}
 k - a potion of mutation {unknown}
 r - 4 potions of curing
 w - 2 potions of haste {unknown}
 x - a potion of invisibility


   Skills:
 + Level 4.2 Fighting
 + Level 4.1 Armour
 + Level 3.6 Dodging
 - Level 2.1 Stealth
 + Level 4.2 Spellcasting
 + Level 3.4 Conjurations
 - Level 2.0 Transmutations
 + Level 6.1 Earth Magic


You had 9 spell levels left.
You knew the following spells:

 Your Spells              Type           Power      Damage    Failure   Level
a - Sandblast             Erth           46%        2d11      1%          1
b - Passwall              Tmut/Erth      13%        N/A       4%          2
c - Stone Arrow           Conj/Erth      36%        3d9       7%          3

Your spell library contained the following spells:

 Spells                   Type           Power      Damage    Failure   Level
 Petrify                  Tmut/Erth      16%        N/A       30%         4


Dungeon Overview and Level Annotations

Branches:
Dungeon (6/15)             Temple (0/1) D:4

Altars:
Ashenzari
Cheibriados
Fedhas
Makhleb
Qazlal
Sif Muna
Uskayaw
Wu Jian

Shops:
D:3 *


Innate Abilities, Weirdness & Mutations

You are immune to sickness and miasma.
Your stone body is resilient. (AC +5)
You are immune to poison.
You resist negative energy. (rN+)
You are resistant to electric shocks. (rElec)
You are resistant to unholy torment.
You are immune to petrification.


Message History

The troll claws you but does no damage.
You slash the troll!
The troll is moderately wounded.
The troll completely misses you. x2; The troll closely misses you.
The troll barely misses you. The troll misses you. The troll claws you.
You slash the troll!
The troll is heavily wounded.
The troll bites you! The troll claws you.
The troll claws you but does no damage. The troll bites you but does no damage.
The troll barely misses you. The troll claws you.
You closely miss the troll.
The troll is heavily wounded.
The troll misses you. The troll barely misses you.
The troll claws you but does no damage. The troll closely misses you.
The troll misses you. The troll closely misses you.
You slash the troll!
The troll is severely wounded.
The troll bites you! The troll claws you but does no damage.
The troll misses you. The troll closely misses you. The troll claws you.
* * * LOW HITPOINT WARNING * * *
The troll closely misses you.
You barely miss the troll.
The troll is severely wounded.
The troll barely misses you. The troll claws you but does no damage.
The troll completely misses you. The troll bites you but does no damage.
The troll claws you!
* * * LOW HITPOINT WARNING * * *
The troll barely misses you.
Casting: Sandblast (safe; 1% risk of failure)
Confirm with . or Enter, or press ? or * to list all spells.
You don't know that spell.
Casting: Sandblast (safe; 1% risk of failure)
Confirm with . or Enter, or press ? or * to list all spells.
Aiming: Stone Arrow (dangerous; 7% risk of failure)
Press: ? - help, Shift-Dir - straight line, f - troll
Aim: a troll (severely wounded, 68% to hit)
The stone arrow misses the troll.
The stone arrow hits the ogre!
The ogre is moderately wounded.
The troll bites you!
You die...

#.####.##..............#
..
..#.##..........###.## .
#.....................
#............####.## #
####.........####.##...#
#....................
#......O....O...#....
##.####T######>......
#.# #@# .#..... #.#
#.............. #..
.........##.#.# ###
########### . . .(


You could see a troll and an ogre.

Vanquished Creatures
  Eustachio (D:4)
  An orc warrior (D:5)
  2 ogres
  2 centaurs
  2 phantoms (D:6)
  Blork the orc (D:4)
  2 scorpions
  2 jellies
  Natasha (twice) (D:2)
  An iguana (D:4)
  4 orc wizards
  5 adders
  A white imp (D:6)
  A worm (D:4)
  3 dart slugs
  14 orcs
  4 endoplasms
  4 giant cockroaches
  2 goblins
  8 hobgoblins
  5 kobolds
  5 quokkas
  10 ball pythons
  5 bats
  4 frilled lizards
  6 rats
  A bush (D:5)
98 creatures vanquished.

Notes
Turn   | Place    | Note
-------+----------+-------------------------------------------
     0 | D:1      | voltaire321 the Gargoyle Earth Elementalist began the quest
                  | for the Orb.
     0 | D:1      | Reached XP level 1. HP: 10/10 MP: 3/3
   197 | D:1      | Reached skill level 1 in Transmutations
   197 | D:1      | Reached XP level 2. HP: 10/16 MP: 3/5
   300 | D:1      | You fall into a shaft and drop 1 floor!
   404 | D:1      | Learned a level 2 spell: Passwall
  1029 | D:2      | Reached skill level 1 in Armour
  1173 | D:2      | Noticed Natasha
  1178 | D:2      | Killed Natasha
  1179 | D:2      | Reached skill level 1 in Fighting
  1179 | D:2      | Reached XP level 3. HP: 15/20 MP: 1/6
  1183 | D:2      | Reached skill level 4 in Earth Magic
  1183 | D:2      | Reached XP level 4. HP: 17/25 MP: 1/7
  1319 | D:2      | Noticed Natasha
  1325 | D:2      | Killed Natasha
  1463 | D:2      | Reached XP level 5. HP: 29/29 MP: 6/8
  1727 | D:3      | Found an ornate altar of the Wu Jian Council.
  1741 | D:3      | Became a worshipper of the Wu Jian Council
  1850 | D:3      | Learned a level 3 spell: Stone Arrow
  1871 | D:3      | Identified the +1 ring mail of Makhleb's Favour {Str-5
                  | Int+9 Dex-4 Stlth+}
  1989 | D:3      | Found Pesyvoix's Assorted Antiques.
  2020 | D:3      | Bought a pair of glowing gloves for 210 gold pieces
  2320 | D:4      | Reached skill level 1 in Conjurations
  2320 | D:4      | Reached XP level 6. HP: 21/35 MP: 5/10
  2493 | D:4      | Reached * piety under Wu Jian
  2535 | D:4      | Found a staircase to the Ecumenical Temple.
  2835 | D:4      | Identified the +4 scale mail of Optimism {-Tele Regen+
                  | Int+4}
  2846 | D:4      | Found a hide-covered altar of Uskayaw.
  2851 | D:4      | Found a stormy altar of Qazlal.
  2855 | D:4      | Found a shimmering blue altar of Sif Muna.
  2858 | D:4      | Found a snail-covered altar of Cheibriados.
  2860 | D:4      | Found a burning altar of Makhleb.
  2865 | D:4      | Found a broken altar of Ashenzari.
  3146 | D:4      | Noticed Blork the orc
  3148 | D:4      | Killed Blork the orc
  3149 | D:4      | Reached skill level 5 in Earth Magic
  3149 | D:4      | Reached XP level 7. HP: 34/40 MP: 8/12
  3151 | D:4      | Noticed Eustachio
  3167 | D:4      | Killed Eustachio
  3392 | D:5      | Entered Level 5 of the Dungeon
  3885 | D:5      | Found a blossoming altar of Fedhas.
  3926 | D:5      | Reached XP level 8. HP: 13/46 MP: 1/13
  4391 | D:5      | Reached skill level 6 in Earth Magic
  4611 | D:6      | Noticed a troll
  4630 | D:6      | Slain by a troll

Illustrated notes

Levels and vault maps discovered:
D:1:      lightli_arrival_flooded_house, layout_basic, nicolae_eternal_life
D:2:      layout_basic, minmay_pentomino_p2, uniq_natasha
D:3:      layout_basic, nicolae_wu_jian_wuxing_cycle, serial_shops, shop,
          minmay_misc_feat_diagonals
D:4:      layout_basic, nicolae_overflow_hallway_of_the_gods,
          minmay_temple_entry_sparse_star, uniq_eustachio, uniq_blork_the_orc
D:5:      layout_basic, fedhas_bush_and_centaur_altar, amcnicky_mini_pool_small
D:6:      layout_loops_ring, ebering_ghost_disaster_area

Skill      XL: |  1  2  3  4  5  6  7  8 |
---------------+-------------------------+-----
Transmutations | 1 2 |  2.0
Armour         | 1 2 3 4 |  4.1
Fighting       | 1 2 3 4 |  4.2
Dodging        | 2 3 |  3.6
Earth Magic    | 4 5 6 |  6.1
Spellcasting   | 3 4 |  4.2
Conjurations   | 1 2 3 |  3.4
Stealth        | |  2.1

Action                     |  1- 3 |  4- 6 |  7- 9 || total
---------------------------+-------+-------+-------++-------
  Melee: Mace              |     5 |       |       ||     5
         Punch             |     1 |       |     2 ||     3
         Falchion          |     4 |   105 |    77 ||   186
   Cast: Sandblast         |    29 |    13 |     3 ||    45
         Stone Arrow       |       |       |     6 ||     6
Ability: Lunge             |       |     5 |     2 ||     7
         Whirlwind         |       |       |     1 ||     1
  Evoke: Wand              |       |       |     2 ||     2
    Use: Scroll            |       |       |     9 ||     9
   Stab: Sleeping          |     1 |     2 |       ||     3
 Armour: Robe              |     7 |    43 |    57 ||   107
  Dodge: Dodged            |     7 |   109 |   149 ||   265

Table legend: (Time is in decaauts)
 A = Elapsed time spent in this place.
 B = Non-inter-level travel time spent in this place.
 C = Inter-level travel time spent in this place.
 D = Time resting spent in this place.
 E = Time spent auto-exploring this place.
 F = Levels seen in this place.
 G = Mean time per level.
                   A        B        C        D        E       F      G
               +--------+--------+--------+--------+--------+-----+--------+
         Total |   4822 |   4769 |     53 |    605 |   2967 |   6 |  803.7 |
       Dungeon |   4822 |   4769 |     53 |    605 |   2967 |   6 |  803.7 |
               +--------+--------+--------+--------+--------+-----+--------+

Top non-repeatable levels by time:
     D:4: 1268 daAuts
     D:5: 1132 daAuts
     D:2: 897 daAuts
     D:1: 838 daAuts
     D:3: 594 daAuts
     D:6: 91 daAuts
